 Dungeon Crawl Stone Soup version bcrawl-1.17.3 (webtiles) character file.

Game seed: 113732953351229565

665 Chiseanne the Slasher (level 7, -12/50 HPs)
             Began as a Mummy Archaeologist on Oct 24, 2019.
             Mangled by a gnoll
             ... wielding a +1 halberd of protection
              (13 damage)
             ... on level 4 of the Dungeon.
             The game lasted 00:06:55 (3152 turns).

Chiseanne the Slasher (Mummy Archaeologist)         Turns: 3152, Time: 00:06:55

Health: -12/50     AC:  8    Str: 15    XL:     7   Next: 31%
Magic:  11/11      EV: 12    Int: 15    God:
Gold:   301        SH:  1    Dex: 10    Spells: 10/11 levels left

rFire    + . .     SeeInvis +   a - +6 scimitar of Flaming Death {sticky flame, rF++ rC- MR+}
rCold    . . .     Gourm    .   (no shield)
rNeg     + + +     Faith    .   b - +1 robe
rPois    ∞         Spirit   .   c - +1 hat
rElec    .         Reflect  .   t - +0 cloak
rCorr    .         Harm     .   q - +0 pair of gloves {archery}
MR       +....     Clarity  +   d - +1 pair of boots
Stlth    ++........             (no amulet)
HPRegen  0.16/turn              u - ring of see invisible
MPRegen  0.12/turn              (no ring)

@: about to teleport
A: no food or potions, fire vulnerability, clarity, cold resistance 1, negative
energy resistance 3, torment resistance, unbreathing
a: no special abilities


You were on level 4 of the Dungeon.
You were not hungry.

You visited 1 branch of the dungeon, and saw 4 of its levels.

You collected 301 gold pieces.

Inventory:

Hand Weapons
 a - the +6 scimitar of Flaming Death (weapon) {sticky flame, rF++ rC- MR+}

   It has been specially enchanted to burn those struck by it, causing extra
   injury to most foes and up to half again as much damage against particularly
   susceptible opponents.
   Big, fiery blades are also staple armaments of hydra-hunters.
   It greatly protects you from fire.
   It makes you vulnerable to cold.
   It affects your resistance to hostile enchantments.
 o - a +0 blowgun
Missiles
 g - 172 poisoned needles
 j - 889 stones
 l - 125 arrows
 m - 133 bolts
 r - 81 javelins (quivered)
Armour
 b - a +1 robe (worn)
 c - a +1 hat (worn)
 d - a +1 pair of boots (worn)
 q - a +0 pair of gloves of archery (worn)
 t - a +0 cloak (worn)
Jewellery
 u - a ring of see invisible (left hand)
Scrolls
 i - a scroll of remove curse
 k - 5 scrolls of identify
 p - a scroll of teleportation


   Skills:
 - Level 2.2 Fighting
 - Level 6.3 Long Blades
   Level 0.7 Maces & Flails
 - Level 3.0 Dodging
 - Level 2.6 Stealth
 * Level 2.8 Spellcasting
 * Level 1.8 Conjurations
 * Level 1.9 Fire Magic


You had 10 spell levels left.
You knew the following spells:

 Your Spells              Type           Power        Failure   Level  Hunger
a - Flame Tongue          Conj/Fire      #....        10%         1    N/A

Your spell library contained the following spells:

 Spells                   Type           Power        Failure   Level  Hunger


Dungeon Overview and Level Annotations

Branches:
Dungeon (4/12)
 Temple: D:4-7

Altars:
Elyvilon
Okawaru
Sif Muna
Uskayaw

Annotations:
D:4 Dowan, Duvessa


Innate Abilities, Weirdness & Mutations

You do not eat or drink.
Your flesh is vulnerable to fire.
You are immune to poison.
You possess an exceptional clarity of mind.
Your flesh is cold resistant. (rC+)
You are immune to negative energy. (rN+++)
You are immune to unholy pain and torment.
You can survive without breathing.


Message History

You kill the gnoll!
The gnoll hits you from afar with a +1 halberd of protection.
The gnoll closely misses you.
The gnoll shouts! x2
The gnoll completely misses you. The gnoll misses you.
You closely miss the gnoll. The gnoll barely misses you.
The gnoll hits you from afar with a cursed +0 spear!
* * * LOW HITPOINT WARNING * * *
The gnoll completely misses you.
The gnoll hits you with a +1 halberd of protection.
* * * LOW HITPOINT WARNING * * *
The gnoll hits you but does no damage.
As you read the scroll of teleportation, it crumbles to dust.
You feel strangely unstable. The gnoll hits you with a +0 flail.
* * * LOW HITPOINT WARNING * * *
The gnoll hits you with a +1 halberd of protection.
* * * LOW HITPOINT WARNING * * *
The gnoll barely misses you.
The gnoll hits you from afar with a +1 halberd of protection!
You die...

#############..# #.
#.#.#...#.#.#... #.
##.#.....#.##...... ..
...#.!.#.#..#.#..#.#......
..##..#...##..##)##..##......
..........#..##...##..#......
...#.#...#.##..)..##.#......
###.......#..##...##..#.###..
#.........##@.##.##..##......
#.....[...#.#.g###..#.#.#.#..
#.........##.#gg#..#.##...##.
#.......>.#†#.#g..#.#.#..###.
##.........######.######.##
## #..............g.........#
.....#####.....gg....>...#.#
....##.?5##....).........#.#
###.#....S#...g..........###


You could see 4 gnolls.

Vanquished Creatures
  Eustachio (D:4)
  A sky beast (D:4)
  An ogre (D:4)
  2 scorpions (D:4)
  A gnoll shaman (D:4)
  2 orc wizards (D:3)
  Jessica (D:2)
  An iguana (D:4)
  A worker ant (D:4)
  3 adders
  A gnoll (D:4)
  2 oozes
  2 dart slugs
  A leopard gecko (D:1)
  An orc (D:3)
  2 giant cockroaches
  4 hobgoblins
  6 jackals
  2 quokkas
  2 ball pythons
  8 bats
  2 frilled lizards
  5 goblins (D:1)
  4 kobolds
  A quokka skeleton (D:3)
  2 rats (D:2)
59 creatures vanquished.

Notes
Turn   | Place    | Note
-------+----------+-------------------------------------------
     0 | D:1      | Chiseanne the Mummy Archaeologist began the quest for the
                  | Orb.
     0 | D:1      | Reached XP level 1. HP: 15/15 MP: 1/1
   138 | D:1      | Reached XP level 2. HP: 18/21 MP: 2/2
   881 | D:2      | Reached XP level 3. HP: 27/27 MP: 3/3
  1089 | D:2      | Reached skill level 1 in Long Blades
  1153 | D:2      | Found an iron altar of Okawaru.
  1241 | D:2      | Noticed Jessica
  1248 | D:2      | Killed Jessica
  1248 | D:2      | Reached skill level 2 in Long Blades
  1248 | D:2      | Reached XP level 4. HP: 33/33 MP: 4/4
  1304 | D:3      | Reached skill level 3 in Long Blades
  1475 | D:3      | Found a white marble altar of Elyvilon.
  1860 | D:3      | Found a hide-covered altar of Uskayaw.
  2020 | D:3      | Found a shimmering blue altar of Sif Muna.
  2042 | D:3      | Reached skill level 4 in Long Blades
  2052 | D:3      | Reached XP level 5. HP: 31/38 MP: 5/5
  2099 | D:3      | Identified Sif Muna's Papyrus of Conjuration
  2103 | D:3      | Learned a level 1 spell: Flame Tongue
  2123 | D:4      | Noticed Duvessa
  2139 | D:4      | Noticed Dowan
  2190 | D:4      | HP: 1/38 [worker ant (4)]
  2191 | D:4      | Reached skill level 5 in Long Blades
  2667 | D:4      | Noticed an ogre
  2689 | D:4      | Reached XP level 6. HP: 30/44 MP: 4/6
  2694 | D:4      | Reached skill level 6 in Long Blades
  2968 | D:4      | Noticed a sky beast
  2980 | D:4      | Killed a sky beast
  2980 | D:4      | Reached skill level 1 in Spellcasting
  3001 | D:4      | Noticed Eustachio
  3015 | D:4      | Reached skill level 1 in Conjurations
  3015 | D:4      | Reached skill level 1 in Fire Magic
  3052 | D:4      | Killed Eustachio
  3052 | D:4      | Reached XP level 7. HP: 38/50 MP: 8/10
  3151 | D:4      | HP: 1/50 [gnoll/+1 halberd of protection (2)]
  3152 | D:4      | Mangled by a gnoll

Skill      XL: |  1  2  3  4  5  6 |
---------------+-------------------+-----
Fighting       | 2 |  2.2
Dodging        | 3 |  3.0
Long Blades    | 2 4 5 6 |  6.3
Spellcasting   | 2 |  2.8
Conjurations   | 1 |  1.8
Fire Magic     | 1 |  1.9
Maces & Flails | |  0.7
Stealth        | |  2.6

Action                   |  1- 3 |  4- 6 |  7- 9 || total
-------------------------+-------+-------+-------++-------
Melee: Whip              |    87 |       |       ||    87
       Mace              |    47 |       |       ||    47
       Dagger            |     3 |   145 |       ||   148
       Scimitar          |       |    20 |    10 ||    30
Throw: Javelin           |       |     8 |       ||     8
       Stone             |       |     4 |       ||     4
 Cast: Flame Tongue      |       |    11 |       ||    11
  Use: Scroll            |       |     5 |     1 ||     6
 Stab: Sleeping          |     4 |     2 |       ||     6
Armor: Robe              |    79 |    50 |     5 ||   134
Dodge: Dodged            |   143 |    81 |    16 ||   240
Block: Other             |       |       |     1 ||     1
